 Dungeon Crawl Stone Soup version 0.29-a0-341-g24ffce5b50 (webtiles) character file.

Game seed: 15335881698691170499

134263 Agony the Tortoise (level 16, -4/152 HPs)
             Began as a Minotaur Fighter on Apr 20, 2022.
             Was a High Priest of Okawaru.
             Slain by a seven-headed hydra (12 damage)
             ... on level 4 of the Swamp.
             The game lasted 02:08:27 (35046 turns).

Agony the Tortoise (Minotaur Fighter)              Turns: 35046, Time: 02:08:27

Health: -4/152     AC: 33    Str: 29    XL:     16   Next: 61%
Magic:  22/22      EV:  7    Int:  5    God:    Okawaru [*****.]
Gold:   1653       SH:  0    Dex: 10    Spells: 15/15 levels left

rFire   + + .      SeeInvis +   s - +4 battleaxe (flame)
rCold   . . .      Faith    .   (shield currently unavailable)
rNeg    + + .      Spirit   .   S - +0 crystal plate armour of Madaicwi {rF++}
rPois   .          Reflect  .   (helmet restricted)
rElec   +          Harm     .   b - +0 cloak
rCorr   +          Rampage  .   M - +0 pair of gloves
Will    +....                   U - +1 pair of boots {Fly}
Stlth   ..........              W - amulet of regeneration
HPRegen 1.15/turn               A - ring "Damnable Contraption" {rElec rN+ rCorr SInv}
MPRegen 0.18/turn               f - ring of positive energy

@: flying, hasted, very quick
A: horns 2, retaliatory headbutt
a: Renounce Religion, Heroism, Finesse, Duel


You were on level 4 of the Swamp.
You worshipped Okawaru.
Okawaru was extremely pleased with you.
You visited 5 branches of the dungeon, and saw 27 of its levels.
You also visited: Ice Cave.

You collected 2347 gold pieces.
You spent 694 gold pieces at shops.

Inventory:

Hand Weapons
 r - a +5 triple crossbow of freezing
 s - a +4 battleaxe of flaming (weapon)
 Y - a +0 triple sword of freezing
Missiles
 t - 21 poisoned darts
 H - 6 atropa-tipped darts
 I - 8 javelins
 T - 12 curare-tipped darts
Armour
 b - a +0 cloak (worn)
 K - a +1 crystal plate armour
 M - a +0 pair of gloves (worn)
 N - a +1 pair of boots of stealth
 S - the +0 crystal plate armour of Madaicwi (worn) {rF++}
   (Okawaru gifted it to you on level 13 of the Dungeon)

   rF:        It greatly protects you from fire.
 U - a +1 pair of boots of flying (worn)
 V - a +1 crystal plate armour of cold resistance
Jewellery
 c - a ring of ice
 d - a ring of protection from fire
 f - a ring of positive energy (right hand)
 x - a ring of ice
 A - the ring "Damnable Contraption" (left hand) {rElec rN+ rCorr SInv}
   (You acquired it on level 2 of the Orcish Mines)

   [ring of resist corrosion]

   rElec:     It insulates you from electricity.
   rN:        It protects you from negative energy.
   SInv:      It lets you see invisible.
   rCorr:     It protects you from acid and corrosion.
 C - a ring of protection from fire
 R - a ring of positive energy
 W - an amulet of regeneration (around neck)
Wands
 a - a wand of polymorph (13)
 v - a wand of iceblast (42)
 w - a wand of mindburst (10)
 B - a wand of digging (4)
 E - a wand of flame (27) (quivered)
Scrolls
 g - 2 scrolls of fog
 o - 10 scrolls of teleportation
 p - 3 scrolls of enchant armour
 J - 2 scrolls of silence
 L - 3 scrolls of fear
 O - 6 scrolls of identify
 Q - 2 scrolls of torment
 Z - a scroll of enchant weapon
Potions
 e - 6 potions of brilliance
 h - a potion of haste
 i - 6 potions of curing
 j - 4 potions of might
 k - 3 potions of resistance
 m - 5 potions of attraction
 q - 2 potions of flight
 z - 4 potions of invisibility
 F - 3 potions of lignification
 G - 2 potions of ambrosia
Miscellaneous
 y - a tin of tremorstones (2/2)


   Skills:
 + Level 16.7 Fighting
 - Level 3.2 Long Blades
 - Level 19.8(20.0) Axes
 - Level 4.0(13.6) Polearms
 - Level 5.8 Crossbows
 * Level 20.2 Armour
 - Level 6.0 Shields
 - Level 10.0 Invocations
 + Level 4.2 Evocations


You had 15 spell levels left.
You didn't know any spells.
Your spell library contained the following spells:

 Spells                   Type           Power      Damage    Failure   Level
 Beastly Appendage        Tmut           0%         N/A       99%         1
 Blink                    Tloc           0%         N/A       100%        2
 Poisonous Vapours        Pois/Air       0%         N/A       100%        2
 Wereblood                Tmut           0%         N/A       100%        2
 Lesser Beckoning         Tloc           0%         N/A       100%        3
 Ozocubu's Armour         Ice            0%         N/A       100%        3
 Spider Form              Tmut/Pois      0%         N/A       100%        3
 Stone Arrow              Conj/Erth      0%         3d7       100%        3
 Hailstorm                Conj/Ice       0%         3d3       100%        4
 Ice Form                 Ice/Tmut       0%         N/A       100%        4
 Passage of Golubria      Tloc           0%         N/A       100%        4
 Blade Hands              Tmut           0%         N/A       100%        5
 Freezing Cloud           Conj/Ice/Air   0%         6-21      100%        5
 Manifold Assault         Tloc           0%         N/A       100%        5
 Metabolic Englaciation   Hex/Ice        0%         N/A       100%        5
 Silence                  Hex/Air        0%         N/A       100%        5
 Yara's Violent Unravell  Hex/Tmut       0%         3d3       100%        5
 Iron Shot                Conj/Erth      0%         9d1       100%        6
 Orb of Destruction       Conj           0%         9d5       100%        7
 Ozocubu's Refrigeration  Ice            0%         4d5       100%        7
 Lehudib's Crystal Spear  Conj/Erth      0%         10d2      100%        8
 Polar Vortex             Ice            0%         N/A       100%        9
 Summon Small Mammal      Summ           Unusable   N/A       N/A         1
 Summon Guardian Golem    Hex/Summ       Unusable   N/A       N/A         3
 Tukima's Dance           Hex            Unusable   N/A       N/A         3
 Animate Armour           Summ/Erth      Unusable   N/A       N/A         4
 Summon Forest            Summ/Tloc      Unusable   N/A       N/A         5
 Simulacrum               Ice/Necr       Unusable   N/A       N/A         6
 Spellforged Servitor     Conj/Summ      Unusable   N/A       N/A         7

Dungeon Overview and Level Annotations

Branches:
Dungeon (14/15)            Temple (1/1) D:5            Lair (6/6) D:10
  Swamp (4/4) Lair:3       Spider (0/4) Lair:3        Slime (0/5) Lair:5
    Orc (2/2) D:11            Elf (0/3) Orc:2        Vaults (0/5) D:13
  IceCv (visited)

Altars:
Ashenzari
Cheibriados
Dithmenos
Elyvilon
Fedhas
Gozag
Hepliaklqana
Kikubaaqudgha
Makhleb
Nemelex Xobeh
Okawaru
Qazlal
Ru
Sif Muna
Trog
Uskayaw
Vehumet
Wu Jian
Xom
Yredelemnul
Zin
The Shining One
Beogh

Shops:
D:3 ((:(:   D:6 ?   Orc:1 *   Orc:2 (*(:*

Annotations:
D:14 2 transporters, nubinia's ghost, adept TeAE
Lair:6 exclusion: obsidian statue
Swamp:4 Lernaean hydra


Innate Abilities, Weirdness & Mutations

You have a pair of horns on your head.
You reflexively headbutt those who attack you in melee.


Message History

* * * LOW HITPOINT WARNING * * *
The five-headed hydra completely misses you.
The alligator barely misses the five-headed hydra.
The alligator tail-slaps the five-headed hydra.
The alligator bites the swamp dragon!!
The alligator closely misses the swamp dragon.
The seven-headed hydra attacks as you move away!
The seven-headed hydra barely misses you.
You furiously retaliate!
You headbutt the seven-headed hydra, but do no damage.
The seven-headed hydra bites you but does no damage.
The seven-headed hydra bites you.
* * * LOW HITPOINT WARNING * * *
The seven-headed hydra bites you but does no damage. x2
The seven-headed hydra completely misses you.
The seven-headed hydra bites you but does no damage.
The seven-headed hydra attacks as you move away!
The seven-headed hydra bites you but does no damage. x3
The seven-headed hydra barely misses you.
The seven-headed hydra bites you!
* * * LOW HITPOINT WARNING * * *
The seven-headed hydra completely misses you.
The seven-headed hydra bites you but does no damage.
The swamp dragon looks more healthy.
The alligator seems less confused.
You see here 17 stones.
The seven-headed hydra attacks as you move away!
The seven-headed hydra bites you but does no damage.
The seven-headed hydra bites you.
* * * LOW HITPOINT WARNING * * *
The seven-headed hydra bites you.
* * * LOW HITPOINT WARNING * * *
The seven-headed hydra bites you but does no damage.
The seven-headed hydra barely misses you.
The seven-headed hydra bites you.
* * * LOW HITPOINT WARNING * * *
The seven-headed hydra bites you but does no damage.
You feel yourself speed up. The seven-headed hydra bites you!
* * * LOW HITPOINT WARNING * * *
The seven-headed hydra bites you!
You die...

#.k≈##≈♣ ≈§. ##k## .
♣≈≈. ♣ ##..#≈♣ ♣≈ .♣♣♣♣
♣. #.DD#.♣ ♣. ♣♣...♣♣
♣.#...≈♣♣♣.
♣♣♣.≈≈≈.♣♣♣♣
♣...D♣♣♣≈♣♣#..≈≈≈≈..≈.♣
♣♣≈.t♣≈♣.♣...≈.≈§.♣§≈≈♣
♣♣.≈D"..≈≈.≈≈..≈≈♣≈≈≈♣
♣....@≈.#...≈.≈≈≈.≈≈≈÷
♣...........≈≈≈≈≈≈≈♣≈≈≈
♣.≈≈≈§≈≈§≈≈≈≈≈≈≈≈.♣♣≈..
♣.≈≈≈≈§≈≈..≈≈§...≈♣♣♣.≈
♣≈.≈≈≈.≈≈≈.≈≈§≈♣♣♣♣ ♣♣.
♣♣♣♣..≈≈≈≈≈≈..♣♣♣♣♣♣♣.≈
≈.♣≈≈≈≈≈≈.♣≈♣ ♣.≈≈.≈≈
≈≈.≈≈≈≈≈≈≈♣♣. ♣♣≈≈≈≈≈
..≈≈≈≈≈.♣♣ ♣♣♣♣≈..≈§


You could see an alligator (swift), a seven-headed hydra and 2 swamp dragons.

Vanquished Creatures
  Nikola (Swamp:1)
  Jorgrun (D:13)
  Kirke (D:13)
  Frances (Swamp:1)
  An orc warlord (D:11)
  Louise (Swamp:2)
  An ironbound preserver (D:13)
  3 eleionomae
  Nessos (Lair:6)
  2 bunyips
  3 dire elephants (Lair:6)
  An ettin (Orc:2)
  Josephine (D:13)
  A rakshasa (D:14)
  15 hydras
  7 boulder beetles
  2 ghost crabs
  A centaur warrior (D:13)
  10 alligators
  4 two-headed ogres
  3 tengu warriors (D:14)
  10 death yaks
  11 orc high priests
  Sonja (D:11)
  6 spriggans
  A spectral death yak (Lair:6)
  10 skeletal warriors
  A spectral anaconda (Lair:6)
  4 goliath frogs
  2 spriggan druids (Swamp:1)
  An orb spider (Lair:3)
  6 swamp dragons
  A wizard (D:14)
  A lindwurm (Lair:6)
  2 bog bodies (IceCv)
  2 deep elf pyromancers
  3 necromancers (Lair:6)
  3 ugly things
  3 orc sorcerers
  6 cyclopes
  2 will-o-the-wisps
  A manticore (D:14)
  2 dire elephant zombies (Lair:6)
  25 elephants
  8 black mambas
  An ice statue (IceCv)
  4 gargoyles
  A dire elephant skeleton (Lair:6)
  3 unseen horrors
  A rime drake (Lair:4)
  15 cane toads
  10 komodo dragons
  A rime drake (shapeshifter) (D:13)
  An ice devil (IceCv)
  A freezing wraith (IceCv)
  2 trolls
  9 polar bears
  A meliai (D:13)
  4 burning bushes (Lair:3)
  7 hornets
  9 tyrant leeches
  13 blink frogs
  3 spectral elephants (Lair:6)
  2 shadows
  A vampire (D:10)
  4 humans (D:13)
  4 wraiths
  40 yaks
  3 wyverns
  2 hogs (D:13)
  5 death yak simulacra
  Grum (D:8)
  4 basilisks
  5 steam dragons
  12 vampire mosquitoes
  11 wargs
  10 swamp worms
  A harpy simulacrum (IceCv)
  2 acid dragons
  14 water moccasins
  22 orc warriors
  2 ice beasts
  2 sky beasts
  2 swamp drakes (Swamp:4)
  5 ogres
  2 elephant zombies (Lair:6)
  11 wolves
  8 centaurs
  2 phantoms
  11 bullfrogs
  2 kobold brigands
  4 necrophages
  3 scorpions
  5 cane toad simulacra
  2 two-headed ogre simulacra (IceCv)
  11 wights
  4 elephant simulacra
  An electric eel (D:10)
  3 howler monkeys
  5 hounds
  4 jellies
  A gnoll shaman (D:7)
  30 orc priests
  An iguana (D:5)
  17 orc wizards
  2 polar bear simulacra (IceCv)
  7 hell rats (Lair:4)
  3 wolf simulacra (IceCv)
  8 spriggan simulacra
  9 troll simulacra
  7 gnolls
  4 adders
  6 naga simulacra
  2 shadow imps
  13 white imps
  3 worms
  A dart slug (D:1)
  93 orcs
  5 bats
  10 endoplasms
  4 giant cockroaches
  7 goblins
  5 hobgoblins
  5 quokkas
  7 ball pythons
  2 frilled lizards (D:3)
  13 kobolds
  3 rats
  A bush (Lair:6)
760 creatures vanquished.

Vanquished Creatures (others)
  A hydra (Swamp:1)
  An alligator (Swamp:2)
  A bloated husk (Swamp:2)
  A swamp drake (Swamp:2)
  A human (D:7)
  A wight (D:6)
  10 foxfires
  36 fungi
  61 plants
  17 withered plants (Lair:6)
130 creatures vanquished.

Grand Total: 890 creatures vanquished

Notes
Turn   | Place    | Note
-------+----------+-------------------------------------------
     0 | D:1      | Agony the Minotaur Fighter began the quest for the Orb.
     0 | D:1      | Reached XP level 1. HP: 19/19 MP: 0/0
   318 | D:1      | Reached XP level 2. HP: 27/27 MP: 1/1
   700 | D:1      | Reached skill level 4 in Armour
   829 | D:1      | Reached XP level 3. HP: 33/33 MP: 2/2
  1949 | D:3      | Found a radiant altar of Vehumet.
  1979 | D:3      | Found Axar's Weapon Boutique.
  2012 | D:3      | Identified the +0 trident of the Onslaught {freeze, rN+
                  | Dex+6 Stlth-}
  2087 | D:3      | Found a faded altar of an unknown god.
  2137 | D:3      | Found Obimat's Weapon Boutique.
  2154 | D:3      | Found Tityal's Book Boutique.
  2184 | D:3      | Reached XP level 4. HP: 29/41 MP: 3/3
  2497 | D:3      | Noticed an ogre
  2501 | D:3      | Killed an ogre
  2502 | D:3      | Reached skill level 1 in Polearms
  2502 | D:3      | Reached XP level 5. HP: 47/47 MP: 4/4
  2517 | D:3      | Found Ruolek's Book Emporium.
  2605 | D:3      | Found Kenuy's Weapon Shop.
  2670 | D:3      | Found a shadowy altar of Dithmenos.
  2679 | D:3      | Found a shimmering blue altar of Sif Muna.
  3067 | D:4      | Found a snail-covered altar of Cheibriados.
  3076 | D:4      | Noticed a phantom
  3087 | D:4      | Killed a phantom
  3088 | D:4      | Reached XP level 6. HP: 37/55 MP: 5/5
  3247 | D:4      | Reached skill level 5 in Fighting
  3329 | D:4      | Reached skill level 5 in Armour
  3329 | D:4      | Reached skill level 5 in Shields
  3650 | D:5      | Entered Level 5 of the Dungeon
  3768 | D:5      | Noticed a sky beast
  3785 | D:5      | Killed a sky beast
  3786 | D:5      | Reached XP level 7. HP: 43/61 MP: 6/6
  4231 | D:5      | Found a staircase to the Ecumenical Temple.
  4243 | D:5      | Reached skill level 6 in Armour
  4248 | Temple   | Entered the Ecumenical Temple
  4410 | Temple   | Became a worshipper of Warmaster Okawaru
  4725 | D:6      | Reached XP level 8. HP: 60/70 MP: 7/7
  4730 | D:6      | Reached skill level 5 in Crossbows
  5110 | D:6      | Identified the +9 long sword of Chaos {vorpal, rElec Str+3}
  5137 | D:6      | Reached * piety under Okawaru
  5138 | D:6      | Reached skill level 5 in Axes
  5476 | D:6      | Found Hofiosuse's Magic Scroll Shoppe.
  5643 | D:7      | Noticed a two-headed ogre
  5846 | D:7      | Reached XP level 9. HP: 41/75 MP: 8/8
  6014 | D:7      | Found an ancient bone altar of Kikubaaqudgha.
  6211 | D:7      | Reached ** piety under Okawaru
  6264 | D:7      | Killed a two-headed ogre
  6265 | D:7      | Reached skill level 10 in Axes
  7545 | D:8      | Noticed Grum
  7563 | D:8      | Killed Grum
  7582 | D:8      | Reached *** piety under Okawaru
  7789 | D:8      | Noticed a gargoyle
  7803 | D:8      | Killed a gargoyle
  7804 | D:8      | Reached XP level 10. HP: 60/83 MP: 6/9
  9547 | D:9      | Identified the -1 buckler of a wizard's laboratory {Regen+
                  | Str+6 Dex-4}
 10256 | D:10     | Entered Level 10 of the Dungeon
 10256 | D:10     | Found a staircase to the Lair.
 10885 | D:10     | Noticed a gargoyle
 10909 | D:10     | Killed a gargoyle
 10910 | D:10     | Reached skill level 15 in Axes
 11116 | D:10     | Found a bloodstained altar of Trog.
 11614 | D:10     | Reached **** piety under Okawaru
 11973 | D:11     | Noticed a two-headed ogre
 12092 | D:11     | Killed a two-headed ogre
 12093 | D:11     | Reached skill level 7 in Armour
 12093 | D:11     | Reached skill level 1 in Invocations
 12123 | D:11     | Noticed a two-headed ogre
 12127 | D:11     | Killed a two-headed ogre
 12127 | D:11     | Received a gift from Okawaru
 12128 | D:11     | Reached XP level 11. HP: 91/91 MP: 7/11
 12595 | D:11     | Noticed a boulder beetle
 12609 | D:11     | Killed a boulder beetle
 12782 | D:11     | Noticed a boulder beetle
 12805 | D:11     | Killed a boulder beetle
 12805 | D:11     | Reached ***** piety under Okawaru
 13060 | D:11     | Found a glowing golden altar of the Shining One.
 13184 | D:11     | Found a staircase to the Orcish Mines.
 13601 | D:12     | Noticed a red ugly thing
 13846 | D:12     | Noticed a red ugly thing
 13862 | D:12     | Killed a red ugly thing
 14193 | D:12     | Noticed a two-headed ogre
 14207 | D:12     | Killed a two-headed ogre
 14208 | D:12     | Reached skill level 8 in Armour
 14516 | D:12     | Noticed a skeletal warrior
 14520 | D:12     | Noticed a deep elf pyromancer
 14520 | D:12     | Noticed a skeletal warrior
 14524 | D:12     | Noticed a skeletal warrior
 14530 | D:12     | Killed a skeletal warrior
 14779 | Lair:1   | Entered Level 1 of the Lair of Beasts
 14861 | Lair:1   | Identified the +4 mace "No More Talking" {pain, rElec
                  | Stlth+}
 14893 | Lair:1   | Received a gift from Okawaru
 15035 | Lair:1   | Received a gift from Okawaru
 16072 | Lair:2   | Reached XP level 12. HP: 73/103 MP: 8/14
 16075 | Lair:2   | Identified the +8 spear of Lilu {flame, Str+4 Int+3}
 16202 | Lair:2   | Reached skill level 9 in Armour
 16241 | Lair:2   | Received a gift from Okawaru
 16661 | Lair:2   | Noticed an eight-headed hydra
 16671 | Lair:2   | Reached skill level 5 in Invocations
 16672 | Lair:2   | Killed a six-headed hydra
 16802 | Lair:2   | Got the Reference Book on the Supportive Birds
 17697 | Lair:2   | Reached skill level 10 in Armour
 17943 | Lair:2   | Noticed a six-headed hydra
 17944 | Lair:2   | Noticed a seven-headed hydra
 17950 | Lair:2   | Noticed a death yak
 17956 | Lair:2   | Killed a three-headed hydra
 17962 | Lair:2   | Killed a three-headed hydra
 17967 | Lair:2   | Killed a death yak
 17968 | Lair:2   | Reached skill level 10 in Fighting
 18753 | Lair:3   | Received a gift from Okawaru
 18760 | Lair:3   | Reached XP level 13. HP: 103/113 MP: 16/16
 19112 | Lair:3   | Found a staircase to the Swamp.
 19357 | Lair:3   | Found a hole to the Spider Nest.
 20447 | Lair:4   | Reached skill level 11 in Armour
 21652 | Lair:5   | Received a gift from Okawaru
 21955 | Lair:5   | Found a staircase to the Slime Pits.
 22213 | Lair:5   | Received a gift from Okawaru
 22400 | Lair:5   | Reached skill level 12 in Armour
 22834 | Lair:6   | Entered Level 6 of the Lair of Beasts
 22889 | Lair:6   | Reached ****** piety under Okawaru
 22981 | Lair:6   | Reached XP level 14. HP: 98/126 MP: 17/19
 23127 | Lair:6   | Noticed Nessos
 23791 | Lair:6   | Identified the +1 ring mail of Shadows and Fog {Rampage
                  | rC+++ Int-3 Dex-5} (Okawaru gifted it to you on level 6 of
                  | the Lair of Beasts)
 23791 | Lair:6   | Received a gift from Okawaru
 23797 | Lair:6   | Reached skill level 13 in Armour
 24393 | Lair:6   | Killed Nessos
 24850 | Lair:6   | Reached skill level 14 in Armour
 25212 | Lair:6   | Reached skill level 10 in Invocations
 25212 | Lair:6   | Received a gift from Okawaru
 25832 | Orc:1    | Entered Level 1 of the Orcish Mines
 25839 | Orc:1    | Noticed an orc warlord
 26218 | D:12     | Reached skill level 15 in Armour
 26407 | D:13     | Noticed Jorgrun
 26654 | D:13     | Killed Jorgrun
 26654 | D:13     | Identified the +0 crystal plate armour of Madaicwi {rF++}
                  | (Okawaru gifted it to you on level 13 of the Dungeon)
 26654 | D:13     | Received a gift from Okawaru
 26934 | D:13     | Noticed an ironbound preserver
 26946 | D:13     | Killed an ironbound preserver
 26956 | D:13     | Reached XP level 15. HP: 102/137 MP: 18/21
 26956 | D:13     | Found a gate to the Vaults.
 27008 | D:13     | Found a frozen archway.
 27026 | IceCv    | Entered an ice cave
 27676 | IceCv    | Reached skill level 16 in Armour
 27996 | D:13     | Noticed Kirke
 28028 | D:13     | Noticed a sphinx
 28033 | D:13     | Killed Kirke
 28202 | D:13     | Noticed Josephine
 28209 | D:13     | Killed Josephine
 28510 | D:14     | Received a gift from Okawaru
 28616 | D:14     | Reached skill level 17 in Armour
 28741 | D:14     | Found a transporter.
 28745 | D:14     | Noticed nubinia's ghost (adept TeAE)
 28817 | D:14     | Found a runed translucent door.
 29122 | D:14     | Found a hide-covered altar of Uskayaw.
 29292 | D:14     | Found a transporter.
 29448 | D:14     | Reached skill level 15 in Fighting
 29482 | D:14     | Identified the +1 robe of Vutogg {rPois Dex+4} (Okawaru
                  | gifted it to you on level 14 of the Dungeon)
 29482 | D:14     | Received a gift from Okawaru
 29667 | Orc:1    | Noticed Sonja
 29720 | D:11     | Killed an orc warlord
 29786 | D:11     | Killed Sonja
 30061 | Orc:1    | Paralysed by an orc sorcerer for 6 turns
 30220 | Orc:1    | Found Deusu's Mayhem Merchandise.
 30367 | Orc:2    | Entered Level 2 of the Orcish Mines
 30409 | Orc:2    | Found a staircase to the Elven Halls.
 30463 | Orc:2    | Reached skill level 18 in Armour
 30614 | Orc:2    | Found Hojekh's Weapon Shop.
 30647 | Orc:2    | Found Ehanom's General Store.
 30794 | Orc:2    | Found Osag Bou's Book Emporium.
 30843 | Orc:2    | Found Haoxt's Assorted Antiques.
 30874 | Orc:2    | Bought a potion of curing for 108 gold pieces
 30874 | Orc:2    | Bought a potion of curing for 108 gold pieces
 30874 | Orc:2    | Bought a silvery potion for 32 gold pieces
 30874 | Orc:2    | Bought a potion of curing for 108 gold pieces
 30876 | Orc:2    | Identified a scroll of acquirement
 30883 | Orc:2    | Acquired the ring "Damnable Contraption" {rElec rN+ rCorr
                  | SInv}
 31541 | Orc:2    | Found Tih Luun's Antique Weapon Boutique.
 31552 | Orc:2    | Bought a runed triple sword for 338 gold pieces
 31870 | Swamp:1  | Entered Level 1 of the Swamp
 32016 | Swamp:1  | Received a gift from Okawaru
 32064 | Swamp:1  | Reached XP level 16. HP: 135/151 MP: 22/22
 32105 | Swamp:1  | HP: 7/151 [poison (poison gas)]
 32372 | Swamp:1  | Noticed Frances
 32493 | Swamp:1  | Killed Frances
 32494 | Swamp:1  | Reached skill level 1 in Evocations
 32500 | Swamp:1  | Reached skill level 19 in Armour
 32583 | Swamp:1  | Identified the +1 pair of boots of Qemmulexid {Dex+2}
                  | (Okawaru gifted it to you on level 1 of the Swamp)
 32583 | Swamp:1  | Received a gift from Okawaru
 32874 | Swamp:2  | Noticed Nikola
 32885 | Swamp:1  | Killed Nikola
 33081 | Swamp:2  | Identified the +8 great mace of the Traitor {freeze, Fly
                  | rElec MP+9 SInv}
 33117 | Swamp:2  | Noticed Louise
 33139 | Swamp:2  | Killed Louise
 33157 | Swamp:2  | HP: 3/151 [acid (5)]
 34203 | Swamp:4  | Entered Level 4 of the Swamp
 34395 | Swamp:4  | Reached skill level 20 in Armour
 34516 | Swamp:4  | HP: 6/152 [poisoned by something (poison gas)]
 34521 | Swamp:4  | HP: 3/152 [poisoned by something (poison gas)]
 35036 | Swamp:4  | Noticed the 27-headed Lernaean hydra
 35046 | Swamp:4  | Slain by a seven-headed hydra

Illustrated notes

Levels and vault maps discovered:
D:1:      lemuel_arrival_funnel, layout_basic
D:2:      layout_basic
D:3:      layout_basic, fiery_altar_vehumet, mainiacjoe_overflow_swirl,
          dilly_ecumenical_altar_fadedgnrine, serial_shops, shop, shop, shop,
          shop, shop
D:4:      layout_rooms, lemuel_crystal_altar
D:5:      layout_gridville, minmay_temple_entry_sparse_star
D:6:      layout_rooms, serial_shops, kennysheep_mini_moat,
          minmay_misc_feat_nine_boxes
D:7:      layout_basic, tgw_kikubaaqudgha, serial_bayou, serial_bayou_shore_a,
          serial_bayou_lagoon_b, serial_bayou_pond_b, serial_bayou_ford_a
D:8:      layout_basic, small_chamber_with_monster, uniq_grum
D:9:      layout_basic, kennysheep_generic_room_3
D:10:     layout_cave_pools, mainiacjoe_overflow_boulevard, lair_entry_dummy,
          minmay_misc_feat_hallway, kennysheep_potato
D:11:     layout_long_grid, orc_0_dummy, nicolae_tso_carved_into_rock
D:12:     layout_roguey, st_stairs_2
D:13:     layout_basic, skrybe_vaults_entry_preservation,
          portal_ice_cave_entry_ice_simulacra, drop_trap, minmay_misc_feat_chi,
          uniq_kirke, uniq_josephine, uniq_jorgrun
D:14:     layout_basic, gammafunk_ghost_mausoleum,
          nicolae_uskayaw_murder_on_the_dancefloor, lightli_church_of_beogh
Temple:   eino_temple_scatter_basement
Lair:1:   layout_cave_pods, minivault_24, grunt_megastairs_1
Lair:2:   nzn_winding_woodlands_stair_cross
          [nzn_winding_woodlands_5x15_concentric,
          nzn_winding_woodlands_center_diamonds,
          nzn_winding_woodlands_5x15_split_checker,
          nzn_winding_woodlands_5x5_perimeter, nzn_winding_woodlands_hourglass,
          nzn_winding_woodlands_5x15_garden,
          nzn_winding_woodlands_center_pierced_h,
          nzn_winding_woodlands_5x15_jagged], layout_layer_cave,
          cheibrodos_lair_lostbears
Lair:3:   layout_layer_cave, swamp_mist, nicolae_spider_entry_orb_guardian,
          evilmike_ambush [evilmike_ambush_outer_basic,
          evilmike_ambush_inner_wall_1], grunt_megastairs_3
Lair:4:   layout_regular_city, minmay_lindwurm_lava, serial_bayou_shore_b,
          serial_bayou_shore_b, grunt_megastairs_4
Lair:5:   layout_loops_ring, nicolae_slime_entry_slimehenge
Lair:6:   due_jungle_book, layout_cave_shapes, ldierk_geyser,
          serial_bayou_shore_b, uniq_nessos
Swamp:1:  layout_basic_swamp, evilmike_swamp_ruin_house_6,
          infiniplex_staircase_pool_2, uniq_frances
Swamp:2:  layout_falls_marsh, hangedman_swamp_ruin_wall, uniq_louise,
          uniq_nikola
Swamp:3:  layout_basic_swamp, evilmike_swamp_ruin_wall
Swamp:4:  swamp_old_school, layout_basic_swamp, swamp_pool5
Orc:1:    layout_caves, minmay_shop_mayhem, uniq_sonja
Orc:2:    st_orc_town, layout_caves, serial_shops, shop_fountains

Skill      XL: |  1  2  3  4  5  6  7  8  9 10 11 12 13 14 15 16 |
---------------+-------------------------------------------------+-----
Fighting       | 4 5 6 8 10 12 13 15 16 | 16.7
Shields        | 4 5 6 |  6.0
Armour         | 4 5 6 7 8 10 12 15 18 20 | 20.2
Long Blades    | 3 |  3.2
Polearms       | 1 2 3 4 |  4.0
Crossbows      | 2 3 4 5 |  5.8
Axes           | 7 12 15 17 18 19 | 19.8
Invocations    | 1 4 6 8 10 | 10.0
Evocations     | 4 |  4.2

Action                   |  1- 3 |  4- 6 |  7- 9 | 10-12 | 13-15 | 16-18 || total
-------------------------+-------+-------+-------+-------+-------+-------++-------
Melee: Long sword        |    85 |       |       |       |       |       ||    85
       Headbutt          |     7 |    12 |    37 |   106 |   261 |    59 ||   482
       Trident           |    13 |    90 |   256 |   186 |       |       ||   545
       Battleaxe         |       |       |       |   271 |  1092 |   241 ||  1604
Throw: Throwing net      |       |       |       |     1 |       |       ||     1
Invok: Heroism           |       |       |     3 |    13 |    19 |     7 ||    42
       Finesse           |       |       |       |     1 |       |     1 ||     2
Evoke: Wand              |       |       |     4 |       |    13 |       ||    17
  Use: Scroll            |     7 |       |     6 |    11 |    13 |     4 ||    41
       Potion            |       |     2 |     1 |     5 |     6 |     6 ||    20
 Stab: Distracted        |       |       |       |     1 |       |       ||     1
       Held in net/web   |       |       |       |     1 |       |       ||     1
Armor: Scale mail        |    44 |    41 |    25 |       |       |       ||   110
       Chain mail        |       |       |    64 |   214 |       |       ||   278
       Skin              |       |       |    13 |       |       |       ||    13
       Crystal plate arm |       |       |       |    96 |   804 |   290 ||  1190
Dodge: Dodged            |    45 |    30 |    75 |   122 |   295 |    84 ||   651
Block: Buckler           |    23 |    23 |    52 |    36 |       |       ||   134

Table legend: (Time is in decaauts)
 A = Elapsed time spent in this place.
 B = Non-inter-level travel time spent in this place.
 C = Inter-level travel time spent in this place.
 D = Time resting spent in this place.
 E = Time spent auto-exploring this place.
 F = Levels seen in this place.
 G = Mean time per level.
                   A        B        C        D        E       F      G
               +--------+--------+--------+--------+--------+-----+--------+
         Total |  34723 |  33069 |   1654 |  10720 |  15138 |  28 | 1240.1 |
       Dungeon |  18014 |  16976 |   1038 |   5665 |   7791 |  14 | 1286.7 |
        Temple |    221 |    221 |      0 |      0 |    192 |   1 |  221.0 |
          Lair |  11102 |  10665 |    437 |   3829 |   4959 |   6 | 1850.3 |
         Swamp |   2950 |   2912 |     38 |   1100 |   1149 |   4 |  737.5 |
  Orcish Mines |   1718 |   1579 |    139 |     31 |   1047 |   2 |  859.0 |
      Ice Cave |    715 |    715 |      0 |     94 |      0 |   1 |  715.0 |
               +--------+--------+--------+--------+--------+-----+--------+

Top non-repeatable levels by time:
    D:11: 2393 daAuts
  Lair:2: 2322 daAuts
  Lair:6: 2275 daAuts
     D:7: 2045 daAuts
    D:12: 1766 daAuts
  Lair:5: 1743 daAuts
     D:9: 1686 daAuts
  Lair:1: 1675 daAuts
  Lair:3: 1666 daAuts
    D:10: 1581 daAuts
  Lair:4: 1419 daAuts
   Orc:2: 1320 daAuts
     D:8: 1276 daAuts
    D:14: 1076 daAuts
 Swamp:1: 1073 daAuts
